 Dungeon Crawl Stone Soup version 0.29.1-debian-1-gc3f1650bb9 (webtiles) character file.

Game seed: 6875616602005694580

15808 drugrobin the Slicer (level 11, -1/102 HPs)
             Began as a Demigod Delver on Sept 12, 2022.
             Killed from afar by an ogre mage (28 damage)
             ... with a bolt of magma
             ... in a volcano.
             The game lasted 00:59:55 (14959 turns).

drugrobin the Slicer (Demigod Delver)              Turns: 14959, Time: 00:59:55

Health: -1/102     AC: 13    Str: 21    XL:     11   Next: 73%
Magic:  12/20      EV: 18    Int: 12    God:
Gold:   448        SH:  0    Dex: 19    Spells: 8/18 levels left

rFire   + . .      SeeInvis .   c - +2 double sword (vamp)
rCold   . . .      Faith    .   (no shield)
rNeg    . . .      Spirit   .   q - +2 leather armour {rF+}
rPois   .          Reflect  .   l - +0 helmet
rElec   .          Harm     .   F - +0 cloak
rCorr   .          Rampage  .   E - +0 pair of gloves
Will    +....                   U - +0 pair of boots
Stlth   +++.......              e - amulet of regeneration
HPRegen 1.07/turn               I - +4 ring of evasion
MPRegen 0.17/turn               O - +4 ring of protection

@: no status effects
A: high MP 1, forlorn, divine attributes
a: no special abilities


You were in a volcano.
You visited 2 branches of the dungeon, and saw 13 of its levels.
You also visited: Volcano.

You collected 1378 gold pieces.
You spent 930 gold pieces at shops.

Inventory:

Hand Weapons
 a - a +0 dagger of venom
 b - a +1 short sword of freezing
 c - a +2 vampiric double sword (weapon)
 d - a +2 shortbow of freezing
 p - the +3 hand axe "Yciaqyhiakk" {vorpal, *Noise rElec rC++ rN+}
   (You found it on level 6 of the Dungeon)

   It inflicts extra damage upon your enemies.
   rC:        It greatly protects you from cold.
   rElec:     It insulates you from electricity.
   rN:        It protects you from negative energy.
   *Noise:    It may make noises in combat.
 S - a +2 war axe of flaming
Missiles
 j - 42 poisoned darts
 D - 2 boomerangs (quivered)
 K - a curare-tipped dart
 V - 3 throwing nets
Armour
 i - a +3 leather armour of cold resistance
 l - a +0 helmet (worn)
 q - a +2 leather armour of fire resistance (worn)
 E - a +0 pair of gloves (worn)
 F - a +0 cloak (worn)
 T - a +2 leather armour of poison resistance
 U - a +0 pair of boots (worn)
Magical Staves
 u - a staff of air
Jewellery
 e - an amulet of regeneration (around neck)
 I - a +4 ring of evasion (left hand)
 O - a +4 ring of protection (right hand)
Wands
 g - a wand of digging (2)
 y - a wand of roots (2)
 B - a wand of polymorph (3)
Scrolls
 n - a scroll of summoning
 t - 5 scrolls of teleportation
 v - a scroll of silence
 M - a scroll of poison
 N - 2 scrolls of noise {unknown}
 P - a scroll of fog
 Q - 2 scrolls of immolation {unknown}
 R - a scroll of torment
 W - 2 scrolls of blinking {unknown}
 X - a scroll of fear
Potions
 f - 3 potions of lignification
 o - 2 potions of cancellation
 w - 2 potions of attraction
 x - 5 potions of curing
 z - 3 potions of haste
 A - a potion of resistance {unknown}
 C - a potion of berserk rage {unknown}
 G - 2 potions of brilliance
 L - 3 potions of heal wounds
Miscellaneous
 J - a box of beasts (inert)


   Skills:
 + Level 11.2 Fighting
 + Level 11.3 Short Blades
 - Level 4.0 Dodging
 - Level 4.5 Stealth
 - Level 4.0 Spellcasting
 + Level 6.0 Hexes
 - Level 4.0 Summonings


You had 8 spell levels left.
You knew the following spells:

 Your Spells              Type           Power      Damage    Failure   Level
a - Summon Small Mammal   Summ           48%        N/A       4%          1
b - Foxfire               Conj/Fire      8%         2x1d4     26%         1
c - Summon Guardian Gole  Hex/Summ       14%        N/A       10%         3
d - Summon Mana Viper     Hex/Summ       14%        N/A       65%         5

Your spell library contained the following spells:

 Spells                   Type           Power      Damage    Failure   Level
 Call Canine Familiar     Summ           12%        N/A       14%         3
 Inner Flame              Hex/Fire       9%         N/A       22%         3
 Apportation              Tloc           4%         N/A       26%         1
 Necrotise                Necr           8%         1d4       26%         1
 Sting                    Tmut/Pois      8%         1d3       26%         1
 Poisonous Vapours        Pois/Air       4%         N/A       36%         2
 Scorch                   Fire           4%         2d5       36%         2
 Kindle Blastsparks       Fire/Tloc/Air  4%         2d10      58%         3
 Silence                  Hex/Air        4%         N/A       90%         5
 Flame Wave               Conj/Fire      2%         2d4       94%         4
 Hailstorm                Conj/Ice       2%         3d3       94%         4
 Ice Form                 Ice/Tmut       2%         N/A       94%         4
 Olgreb's Toxic Radiance  Pois           2%         N/A       94%         4
 Passage of Golubria      Tloc           2%         N/A       94%         4
 Simulacrum               Ice/Necr       1%         N/A       100%        6
 Starburst                Conj/Fire      1%         6d3       100%        6
 Summon Cactus Giant      Summ           6%         N/A       100%        6
 Discord                  Hex            8%         N/A       100%        8
 Lehudib's Crystal Spear  Conj/Erth      1%         10d2      100%        8


Dungeon Overview and Level Annotations

Branches:
Dungeon (11/15)            Temple (0/1) D:6            Lair (2/5) D:11
  Swamp (0/4) Lair:2      Volcano (1/1)
  Snake: Lair:2-3    Spider: Lair:2-3       Orc: D:9-12

Shops:
D:4 [   D:6 *   D:7 (   D:9 [   D:11 ?

Annotations:
D:8 2 transporters


Innate Abilities, Weirdness & Mutations

You have an increased reservoir of magic. (+10% MP)
You shall have no god before yourself.
Your divine heritage dramatically boosts your attributes as you level up.


Message History

Press: ? - help, Shift-Dir - straight line
Okay, then.
Unknown command.
You slash something!
Your bat barely misses something.
Something closely misses you.
Unknown command.
Unknown command.
Unknown command.
You miss something.
Your bat hits something but does no damage.
Something barely misses you. Something hits your bat! Something burns your bat.
Your bat dies!
Your bat's corpse disappears in a puff of smoke!
Unknown command.
Unknown command.
Unknown command.
You completely miss something. Something hits you! Something burns you.
Unknown command.
Unknown command.
Unknown command.
You barely miss something. Something hits you!!
* * * LOW HITPOINT WARNING * * *
Something burns you.
* * * LOW HITPOINT WARNING * * *
Unknown command.
Unknown command.
Unknown command.
Unknown command.
You swap places.
There is an open door here.
Unknown command.
Unknown command.
Unknown command.
You hear some strange, mumbled words.
A bolt of magma appears from out of thin air!
The bolt of magma hits your rat!!
Your rat dies!
Your rat's corpse disappears in a puff of smoke!
The bolt of magma hits you!! You partially resist.
You die...

≈≈≈≈§≈≈§≈≈≈§§≈§≈≈≈§.§§≈§≈≈≈§§≈≈≈§
≈≈≈≈≈≈§≈..§..§§......§§.§≈≈§≈≈≈≈≈
≈≈≈≈≈≈≈.########'########.§§§≈≈§§
≈≈§≈≈≈≈.# #.# #.≈≈≈≈≈§§ ≈≈≈≈≈≈≈.#
#.# #r≈≈≈§≈≈≈ ≈§≈§§§§.# #.#
#§≈≈≈≈≈≈≈ §≈≈≈≈§≈§# O#.#
#.§§≈§§§≈
§≈≈≈§§§§######.#.#.######.≈≈≈§≈≈≈
≈≈≈§§≈§.#......#@#......#.≈≈≈≈≈§≈
§§≈≈≈≈..###''###§###++###.§≈≈≈≈≈≈
≈§≈§§§..#....#..9..# #.≈≈§§§§≈
≈≈≈≈§§§.#.∩..#{8_8.# #§≈≈≈§§§≈
§≈≈≈≈§≈.#....')....+ #.§≈§§≈≈§
§≈≈≈§§≈.#################§≈≈§≈≈≈≈
≈≈≈≈≈§≈§§......§..........§≈§§≈§≈
§≈≈≈≈§≈≈≈≈≈≈≈≈§.≈≈.≈≈..≈§≈§≈≈≈≈≈≈
≈§≈≈≈≈§§≈§§≈≈≈§≈≈≈§≈≈≈≈§≈≈§≈≈§§≈§


You could see a friendly guardian golem (summoned).

Vanquished Creatures
  A hydra (D:8)
  A boulder beetle (D:8)
  2 centaur warriors (D:8)
  4 two-headed ogres
  A cane toad (D:11)
  A rime drake (Lair:1)
  A komodo dragon (Lair:2)
  A kobold demonologist (D:11)
  A yaktaur (shapeshifter) (D:8)
  2 hornets (D:9)
  Sigmund (D:4)
  2 vampires
  2 wyverns (D:8)
  A shadow (D:9)
  A wraith (D:9)
  2 fire bats (Volcano)
  8 yaks
  A steam dragon (D:8)
  An acid dragon (D:10)
  A warg (D:11)
  A water moccasin (D:8)
  2 orc warriors
  An ice beast (D:5)
  3 black bears
  A swamp drake (D:7)
  5 wolves (Lair:2)
  6 centaurs
  A phantom (D:7)
  7 bullfrogs
  2 kobold brigands
  2 scorpions
  A gnoll sergeant (D:7)
  10 wights
  14 killer bees
  4 lava snakes (Volcano)
  2 jellies
  4 orc priests
  6 hounds
  Natasha (twice) (D:4)
  3 iguanas
  12 orc wizards
  24 gnolls
  A river rat (D:5)
  5 adders
  A shadow imp (D:5)
  A white imp (D:8)
  An ufetubus (D:5)
  5 worms
  4 dart slugs
  26 orcs
  5 ball pythons
  9 bats
  7 endoplasms
  4 giant cockroaches
  5 goblins
  7 hobgoblins
  17 kobolds
  4 quokkas
  2 frilled lizards (D:1)
  13 rats
  A spectral orc (D:7)
266 creatures vanquished.

Vanquished Creatures (collateral kills)
  A kobold brigand (D:11)
  Natasha (D:4)
  A gnoll (D:9)
  2 kobolds
5 creatures vanquished.

Vanquished Creatures (others)
  A two-headed ogre (D:11)
  A manticore (D:11)
  Joseph (D:10)
  A komodo dragon (Lair:2)
  A slime creature (D:8)
  2 yaks (D:10)
  2 wargs (D:11)
  A water moccasin (Lair:2)
  2 gnoll sergeants (D:9)
  An orc wizard (D:11)
  4 gnolls (D:9)
  An orc (D:11)
  73 foxfires
  12 fungi
  21 plants
124 creatures vanquished.

Grand Total: 395 creatures vanquished

Notes
Turn   | Place    | Note
-------+----------+-------------------------------------------
     0 | D:5      | drugrobin the Demigod Delver began the quest for the Orb.
     0 | D:5      | Reached XP level 1. HP: 18/18 MP: 3/3
    73 | D:5      | Noticed an ice beast
   784 | D:4      | Found Vadoc's Antique Armour Shoppe.
   792 | D:4      | Bought a runed leather armour for 100 gold pieces
   886 | D:4      | Noticed Natasha
  1026 | D:4      | Reached XP level 2. HP: 26/26 MP: 4/4
  1525 | D:2      | Reached XP level 3. HP: 26/31 MP: 5/5
  1899 | D:1      | Reached XP level 4. HP: 36/38 MP: 6/6
  3255 | D:3      | Reached XP level 5. HP: 45/45 MP: 7/7
  3426 | D:3      | Reached skill level 5 in Short Blades
  3654 | D:4      | Noticed Sigmund
  3657 | D:4      | Killed Sigmund
  3658 | D:4      | Reached XP level 6. HP: 51/51 MP: 8/8
  3979 | D:4      | Learned a level 1 spell: Summon Small Mammal
  3981 | D:4      | Learned a level 1 spell: Foxfire
  3987 | D:4      | Killed Natasha
  4252 | D:4      | Noticed Natasha
  4265 | D:4      | Killed Natasha
  4400 | D:4      | Noticed Natasha
  4407 | D:4      | Killed Natasha
  4408 | D:4      | Found Vadoc's Antique Armour Shoppe.
  4770 | D:5      | Reached XP level 7. HP: 52/57 MP: 5/9
  5912 | D:6      | Reached XP level 8. HP: 63/63 MP: 10/10
  6066 | D:6      | Identified the +6 flail of Xenytil {distort, *Rage rElec
                  | rCorr}
  6074 | D:6      | Found Qushrerae's Assorted Antiques.
  6082 | D:6      | Bought a scroll labelled OHYHAUC EMIS for 30 gold pieces
  6082 | D:6      | Bought a scroll labelled OHYHAUC EMIS for 30 gold pieces
  6082 | D:6      | Bought a scroll labelled REIMUL YNOBBIQUTA for 30 gold
                  | pieces
  6118 | D:6      | Found a staircase to the Ecumenical Temple.
  6553 | D:6      | Reached skill level 10 in Short Blades
  6653 | D:6      | Identified the +3 hand axe "Yciaqyhiakk" {vorpal, *Noise
                  | rElec rC++ rN+}
  6853 | D:6      | Reached skill level 1 in Spellcasting
  7078 | D:7      | Found Banoed's Antique Weapon Boutique.
  7771 | D:7      | Reached XP level 9. HP: 66/72 MP: 14/16
  8637 | D:4      | Bought a shiny scale mail for 140 gold pieces
  8761 | D:8      | Found a transporter.
  8842 | D:8      | Reached skill level 5 in Fighting
  8867 | D:8      | Found a transporter.
  8885 | D:8      | Found a transporter.
  8901 | D:8      | Found a transporter.
  9091 | D:8      | Noticed a yaktaur
  9091 | D:8      | Noticed a seven-headed hydra
  9091 | D:8      | Noticed a two-headed ogre
  9091 | D:8      | Noticed a boulder beetle
  9091 | D:8      | Noticed a centaur warrior
  9091 | D:8      | Noticed a centaur warrior
  9106 | D:8      | Killed a boulder beetle
  9114 | D:8      | Killed a two-headed ogre
  9116 | D:8      | Killed a yaktaur
  9117 | D:8      | Killed a centaur warrior
  9118 | D:8      | Reached XP level 10. HP: 75/88 MP: 19/19
  9123 | D:8      | Killed a seven-headed hydra
  9150 | D:8      | Killed a centaur warrior
  9208 | D:8      | Got the Spellbook of the Maledictive Blaze
  9213 | D:8      | Learned a level 3 spell: Summon Guardian Golem
  9341 | D:8      | Reached skill level 1 in Hexes
  9944 | D:8      | Reached skill level 10 in Fighting
 10004 | D:9      | Paralysed by a hornet for 1 turns
 10579 | D:9      | Learned a level 5 spell: Summon Mana Viper
 10738 | D:9      | Found Cuakuim's Antique Armour Boutique.
 11036 | D:10     | Entered Level 10 of the Dungeon
 11082 | D:10     | Found Zin's Purification Station.
 11149 | D:10     | Reached skill level 1 in Summonings
 11198 | D:10     | Bought a potion of curing for 90 gold pieces
 11665 | D:10     | Noticed Joseph
 11775 | D:10     | Killed Joseph
 11776 | D:10     | Reached XP level 11. HP: 64/99 MP: 3/20
 12518 | D:9      | Bought a polished scale mail for 234 gold pieces
 12518 | D:9      | Identified the +1 scale mail of the Untouchables {+Inv rN+
                  | Int-5} (You bought it in a shop on level 9 of the Dungeon)
 12608 | D:11     | Found a staircase to the Lair.
 12777 | D:11     | Identified a scroll of acquirement
 12778 | D:11     | Acquired 547 gold pieces
 13157 | D:11     | Noticed a two-headed ogre
 13164 | D:11     | Noticed a sixfirhy
 13273 | D:11     | Killed a two-headed ogre
 13274 | D:11     | Reached skill level 5 in Hexes
 13737 | D:11     | Found Vicim Nayvi's Magic Scroll Shoppe.
 13744 | D:11     | Bought a scroll of identify for 24 gold pieces
 13744 | D:11     | Bought a scroll of enchant armour for 90 gold pieces
 13744 | D:11     | Bought a scroll of summoning for 114 gold pieces
 13744 | D:11     | Bought a scroll of amnesia for 48 gold pieces
 13907 | Lair:1   | Entered Level 1 of the Lair of Beasts
 14115 | Lair:1   | You fall into a shaft and drop 1 floor!
 14288 | Lair:2   | Found a dark tunnel.
 14303 | Volcano  | Entered a volcano
 14681 | Volcano  | Noticed a two-headed ogre
 14681 | Volcano  | Noticed a two-headed ogre
 14681 | Volcano  | Noticed an ogre mage
 14681 | Volcano  | Noticed a two-headed ogre
 14763 | Volcano  | Killed a two-headed ogre
 14898 | Volcano  | Killed a two-headed ogre
 14920 | Volcano  | Noticed a two-headed ogre
 14929 | Volcano  | Killed a two-headed ogre
 14943 | Volcano  | Paralysed by an ogre mage for 2 turns
 14959 | Volcano  | Killed from afar by an ogre mage

Illustrated notes

Levels and vault maps discovered:
D:1:      tarquinn_simple_flora_water_a, layout_basic, grunt_decor_one_mirror,
          chequers_serial_rivers_large_b, nrook_mini_backslash
D:2:      layout_basic, dreamdust_ecumenical_altar_grove
D:3:      layout_loops_corners, dreamdust_mushroom_princess,
          kennysheep_cross_room, grunt_ministairs_8
D:4:      layout_loops_ring, nzn_wu_jian_contemplation, serial_shops,
          shop_fountains, uniq_sigmund, uniq_natasha
D:5:      layout_loops_ring, lightli_sewer_entry_pipes
D:6:      layout_basic, lemuel_tele_altar, minmay_temple_entry_sparse_star,
          serial_shops, shop, nicolae_eternal_life, kennysheep_generic_room_6
D:7:      layout_loops_ring, nicolae_elyvilon_temple_path,
          yredelemnul_forgotten_temple_becter, serial_shops, shop
D:8:      minmay_the_grid_triangle_9x9_recursive_2
          [minmay_the_grid_triangle_9x9_prize_insulated,
          minmay_the_grid_triangle_9x9_empty,
          minmay_the_grid_triangle_9x9_skeleton,
          minmay_the_grid_triangle_9x9_wacky_v], layout_basic,
          nicolae_vehumet_radiance, mainiacjoe_overflow_boulevard, bloody_trog,
          nicolae_diode_intersection
D:9:      layout_irregular_city, serial_shops, shop, wad_dig_loot
D:10:     layout_long_grid, zin_purify, uniq_joseph
D:11:     layout_loops_corners, erik_lair_orcish_takeover, serial_shops,
          nicolae_shop_statue_plus, kennysheep_opposing_triangles
Lair:1:   layout_loops_ring, infiniplex_staircase_pool
Lair:2:   layout_gridlike, minmay_swamp_entry_reptiles, gammafunk_ghost_split,
          enter_volcano_4
Volcano:  volcano_lake [vl_original]

Skill      XL: |  1  2  3  4  5  6  7  8  9 10 11 |
---------------+----------------------------------+-----
Short Blades   | 2 3 4 6 7 9 10 11 | 11.3
Fighting       | 3 4 8 10 11 | 11.2
Dodging        | 3 4 |  4.0
Spellcasting   | 2 4 |  4.0
Hexes          | 4 6 |  6.0
Summonings     | 1 4 |  4.0
Stealth        | |  4.5

Action                   |  1- 3 |  4- 6 |  7- 9 | 10-12 || total
-------------------------+-------+-------+-------+-------++-------
Melee: Quarterstaff      |    14 |       |       |       ||    14
       Short sword       |    19 |     1 |   212 |   248 ||   480
       Dagger            |    71 |   161 |   427 |   209 ||   868
       Punch             |       |     4 |     8 |    11 ||    23
       Unarmed           |       |     1 |       |       ||     1
       Hand axe          |       |       |     2 |       ||     2
       Double sword      |       |       |       |   139 ||   139
Throw: Stone             |    12 |     2 |       |       ||    14
       Boomerang         |       |       |    16 |     5 ||    21
 Cast: Summon Small Mamm |       |     3 |    13 |    71 ||    87
       Foxfire           |       |     1 |    17 |    27 ||    45
       Summon Guardian G |       |       |       |    22 ||    22
Evoke: Wand              |       |       |     1 |     5 ||     6
       Box of beasts     |       |       |       |     1 ||     1
  Use: Potion            |     2 |       |     1 |       ||     3
       Scroll            |     1 |       |       |    14 ||    15
 Stab: Sleeping          |     6 |    14 |     4 |     3 ||    27
       Distracted        |       |       |     1 |     1 ||     2
       Invisible         |       |       |     5 |     2 ||     7
Armor: Leather armour    |    27 |    37 |   100 |   133 ||   297
       Ring mail         |     1 |       |       |       ||     1
       Scale mail        |       |       |    26 |    13 ||    39
Dodge: Dodged            |    39 |    65 |   301 |   415 ||   820
